AoeStats
← Degausser

Arabia

509593970Analyzed
1v1 RM · 6d ago on Sep 27, 2026· 17m 32s· 2 players
Game mode
Random Map
Map size
Tiny (2 player)
Population
200
Speed
Normal
Resources
Standard
Victory
Conquest
Starting age
Dark Age
Ending age
Imperial Age
RankedLock teamsTeams togetherTeam positionsShared explorationLock speedFull tech treeHidden civsTurbo modeCheats
Victory
Defeat
🇦🇷 Tupi · Argentina
877
+17
🇵🇱 Ethiopians · Poland
889
-48
HazelPrince9338
7:50 Loom
10:29 Feudal Age
11:02 Double-Bit Axe
12:19 Champi Runner
15:00 Fletching
16:45 Wheelbarrow
17:50 Horse Collar
Degausser
8:05 Loom
10:34 Feudal Age
11:10 Double-Bit Axe
11:44 Horse Collar
15:11 Fletching
Connection lost

Rejoining the realm…

Still unreachable

The connection could not be restored.

Session expired

The server has moved on; the page needs a fresh start.